Cogmind - Beta 9.6 @@@ ROGUE MODE // 2020.05.23 @ 15:39:59 Player: teroshan Result: Smashed by cave-in Performance ------------- Evolutions (0) 0 Regions Visited (2) 400 Robots Destroyed (9) 45 Value Destroyed (131) 131 Prototype IDs (0) 0 Alien Tech Used (0) 0 Bonus (0) 0 TOTAL SCORE: 576 Bonus ------- None Cogmind --------- Core Integrity 0/250 Matter 256/300 Energy 96/100 System Corruption 5% Temperature Cool (2) Movement Walking (150) Ox1 Location -10/Mines Parts ------- > --- POWER (1) -------- (None) > --- PROPULSION (2) --- Aluminum Leg > --- UTILITY (2) ------ Large Storage Unit > --- WEAPON (2) ------- (None) > --- INVENTORY (10) --- Light Ion Engine Light Ion Engine Light Treads Wheel Peak State ------------ > --- POWER ------------ Ion Engine > --- PROPULSION ------- Aluminum Leg Aluminum Leg > --- UTILITY ---------- Large Storage Unit Light Armor Plating > --- WEAPON ----------- Small Laser Assault Rifle > --- INVENTORY -------- Light Ion Engine Light Ion Engine Light Treads Aluminum Leg Aluminum Leg Aluminum Leg Wheel Light Armor Plating Medium Laser Grenade Launcher [Rating: 8] Favorites ----------- Power Ion Engine Engine Ion Engine Propulsion Aluminum Leg Treads Light Treads Leg Aluminum Leg Utility Light Armor Plating Storage Large Storage Unit Protection Light Armor Plating Weapon Light Assault Rifle Energy Gun Small Laser Ballistic Gun Light Assault Rifle Launcher Grenade Launcher Build | -11 -10 -10 ------- Run | Scr Mat Min Slots Evolved . | . . . Power . | . . . Propulsion . | . . . Utility . | . . . Weapon . | . . . Parts Attached 26 | 9 6 11 Power 3 | 1 1 1 Engine 3 | 1 1 1 Core . | . . . Reactor . | . . . Propulsion 9 | 4 2 3 Treads 1 | 1 . . Leg 8 | 3 2 3 Wheel . | . . . Hover . | . . . Flight . | . . . Utility 4 | 1 2 1 Device . | . . . Storage 2 | 1 1 . Processor . | . . . Hackware . | . . . Protection 2 | . 1 1 Artifact . | . . . Weapon 10 | 3 1 6 Energy Gun 3 | 2 1 . Energy Cannon . | . . . Ballistic Gun 5 | 1 . 4 Ballistic Cannon . | . . . Launcher 2 | . . 2 Special Weapon . | . . . Impact Weapon . | . . . Slashing Weapon . | . . . Piercing Weapon . | . . . Special Melee Weapon . | . . . Unidentified Prototypes . | . . . Parts Lost 12 | . . 12 Power 2 | . . 2 Propulsion 4 | . . 4 Utility 2 | . . 2 Weapon 4 | . . 4 Highest Loss Streak 11 | . . 11 Average Slot Usage (%) 97 | . 98 95 Engine 13 | . 14 13 Leg 27 | . 28 27 Storage 14 | . 14 14 Protection 12 | . 12 13 Energy Gun 8 | . 14 1 Ballistic Gun 18 | . 14 24 Naked Turns . | . . . Heaviest Build 28 | 11 28 28 Greatest Support 20 | 20 20 20 Greatest Overweight (x) 1 | 1 1 1 Average Overweight (x) . | . . . Largest Inventory Capacity 10 | 6 10 10 Average Capacity 9 | 4 9 10 Most Carried 10 | 5 10 10 Average Carried 8 | 2 8 9 Final Capacity 10 | 6 10 10 Final Carried 10 | 5 10 4 Class Distribution -------------------- 61% | Mutant 38% | Scavenger-Mutant Dominant Class ---------------- Mutant | -10/Materials Scavenger-Mutant | -10/Mines Resources | -11 -10 -10 ----------- Run | Scr Mat Min Matter Collected 463 | 233 172 58 Remotely . | . . . Salvage Created 183 | . 121 62 Parts 14 | . 9 5 Haulers Intercepted . | . . . Recyclers Shooed . | . . . Parts Field Recycled . | . . . Retrieved Matter . | . . . Parts Self-Destructed . | . . . Prevented . | . . . Kills | -11 -10 -10 ------- Run | Scr Mat Min Combat Hostiles Destroyed 9 | . 4 5 Guns 9 | . 4 5 Classes Destroyed 3 | . 2 1 Swarmer 5 | . 2 3 Grunt 2 | . 2 . Assembled 2 | . . 2 Best Kill Streak 3 | . 2 3 Combat Bots Only 3 | . 2 3 Max Kills in Single Turn 1 | . 1 1 Gunslinging . | . . . Exploded . | . . . Melee . | . . . Uniques/NPCs Destroyed . | . . . Combat | -11 -10 -10 -------- Run | Scr Mat Min Damage Taken 1516 | . 352 1164 Core 288 | . 59 229 Absorbed by Shields . | . . . Core Remaining (%) 100 | 100 . . Volleys Fired 39 | . 19 20 Largest 2 | . 2 2 Hottest 70 | . 70 60 Shots Fired 63 | . 32 31 Gun 62 | . 32 30 Cannon . | . . . Launcher 1 | . . 1 Special . | . . . Kinetic 39 | . 19 20 Thermal 23 | . 13 10 Explosive 1 | . . 1 Electromagnetic . | . . . Robot Hit Streak 10 | . 10 6 Robot Miss Streak 3 | . 3 3 Penetration Max . | . . . Secondary Targets 2 | . . 2 Max Gunslinging Chain 1 | . . 1 Shots Hit Robots 42 | . 22 20 Core Hits 17 | . 7 10 Critical Hits . | . . . Critical Kills . | . . . Critical Parts Destroyed . | . . . Melee Attacks . | . . . Impact . | . . . Slashing . | . . . Piercing . | . . . Sneak Attacks . | . . . Combat Hostiles . | . . . Follow-up Attacks . | . . . Damage Inflicted 557 | . 269 288 Guns 502 | . 261 241 Cannons . | . . . Explosions 45 | . . 45 Melee . | . . . Ramming 10 | . 8 2 Kinetic 371 | . 184 187 Thermal 131 | . 77 54 Explosive 45 | . . 45 Electromagnetic . | . . . Impact . | . . . Slashing . | . . . Piercing . | . . . Highest Corruption 3 | . . 3 Average Corruption 3 | . . 3 Corruption Purged . | . . . Overload Shots . | . . . Overflow Damage . | . . . Projectiles . | . . . Explosions . | . . . Melee . | . . . Knockbacks . | . . . Impact . | . . . Kinetic . | . . . Secondary . | . . . Self-Inflicted Damage . | . . . Shots . | . . . Rammed 2 | . . 2 Targets Rammed 3 | . 1 2 Kicked 1 | . 1 . Crushed . | . . . Highest Temperature 279 | . 279 73 Average Temperature 89 | . 118 40 Received Heat Transfer 119 | . 99 20 Siege Activations . | . . . Robots Corrupted . | . . . Combat Hostiles . | . . . Parts Fried . | . . . Impact Corruptions . | . . . Robots Melted . | . . . Combat Hostiles . | . . . Parts Melted . | . . . Heat Transferred 347 | . 222 125 Parts Sabotaged . | . . . Parts Stolen . | . . . Parts Stripped . | . . . Power Chain Reactions . | . . . Missiles Intercepted . | . . . Alert | -11 -10 -10 ------- Run | Scr Mat Min Peak Influence 100 | . 100 60 Average Influence 37 | . 33 49 Maximum Alert Level . | . . . Low Security (%) 100 | 100 100 100 Level 1 . | . . . Level 2 . | . . . Level 3 . | . . . Level 4 . | . . . Level 5 . | . . . High Security . | . . . Max Security . | . . . Squads Dispatched . | . . . Investigation . | . . . Extermination . | . . . Reinforcement . | . . . Assault . | . . . Garrison . | . . . Intercept . | . . . Construction Impeded . | . . . Haulers Reinforced . | . . . Stealth | -11 -10 -10 --------- Run | Scr Mat Min Distress Signals 1 | . 1 . Communications Jammed . | . . . Distress Signals . | . . . Times Spotted 19 | . 5 14 Peak Tracking Total 9 | . 3 9 Tactical Retreats . | . . . Traps | -11 -10 -10 ------- Run | Scr Mat Min Traps Triggered 2 | . 2 . Indirectly . | . . . Trap Hack Attempts . | . . . Triggered . | . . . Disarmed . | . . . Reprogrammed . | . . . Reused . | . . . Traps Extracted . | . . . Installed . | . . . Triggered . | . . . Machines | -11 -10 -10 ---------- Run | Scr Mat Min Machines Disabled . | . . . Max in Single Turn . | . . . Machines Sabotaged . | . . . Garrisons Compromised . | . . . Overloaded Fab Kills . | . . . Fab Network Shutdowns . | . . . Hacking | -11 -10 -10 --------- Run | Scr Mat Min Machines Accessed 3 | . 3 . Terminals 3 | . 3 . Fabricators . | . . . Repair Stations . | . . . Recycling Units . | . . . Scanalyzers . | . . . Garrison Access . | . . . Total Hacks 9 | . 9 . Successful 6 | . 6 . Failed 3 | . 3 . Catastrophic . | . . . Database Lockouts . | . . . Manual . | . . . Terminals 9 | . 9 . Fabricators . | . . . Repair Stations . | . . . Recycling Units . | . . . Scanalyzers . | . . . Garrison Access . | . . . Terminal Hacks 6 | . 6 . Record 5 | . 5 . Zone Layout 1 | . 1 . Fabricator Hacks . | . . . Repair Station Hacks . | . . . Recycling Unit Hacks . | . . . Scanalyzer . | . . . Garrison Access Hacks . | . . . Unauthorized Hacks . | . . . Terminals . | . . . Fabricators . | . . . Repair Stations . | . . . Recycling Units . | . . . Scanalyzers . | . . . Garrison Access . | . . . Data Cores Recovered . | . . . Used . | . . . Hacking Detections 2 | . 2 . Full Trace Events 1 | . 1 . Feedback Events . | . . . Feedback Blocked . | . . . Robot Schematics Acquired . | . . . Robots Built . | . . . Matter . | . . . Time . | . . . Total Robot Build Rating . | . . . Part Schematics Acquired . | . . . Parts Built . | . . . Matter . | . . . Time . | . . . Total Part Build Rating . | . . . Parts Repaired . | . . . Time . | . . . Parts Recycled . | . . . Recycled Matter . | . . . Retrieved Matter . | . . . Retrieved Components . | . . . Parts Scanalyzed . | . . . Part Schematics Acquired . | . . . Parts Damaged . | . . . Bothacking | -11 -10 -10 ------------ Run | Scr Mat Min Used RIF Installer . | . . . Robots Hacked . | . . . Non-combat . | . . . Combat . | . . . Robot Hacks Applied . | . . . Relay Couplers Released . | . . . Robots Rewired . | . . . Allies Hacked . | . . . Hacks Repelled . | . . . Allies | -11 -10 -10 -------- Run | Scr Mat Min Total Allies . | . . . Largest Group . | . . . Highest-Rated Group . | . . . Highest-Rated Ally . | . . . Total Orders . | . . . Ally Attacks . | . . . Total Damage . | . . . Kills . | . . . Allies Corrupted . | . . . Allies Melted . | . . . Intel | -11 -10 -10 ------- Run | Scr Mat Min Robot Analysis Total . | . . . Derelict Logs Recovered 1 | . . 1 Drone Launches . | . . . Drone Recoveries . | . . . Exploration | -11 -10 -10 ------------- Run | Scr Mat Min Turns Passed 1092 | 106 531 455 Spaces Moved 660 | 75 324 261 Core 9 | 9 . . Treads 6 | 6 . . Legs 645 | 60 324 261 Wheels . | . . . Hover . | . . . Flight . | . . . Fastest Speed 50 | 50 120 120 Average Speed 142 | 117 143 148 Slowest Speed 160 | 160 150 150 Overloaded Moves . | . . . Propulsion Burnouts . | . . . Robots Hopped . | . . . Cave-ins Triggered 1 | . . 1 Exploration Rate (%) 30 | 4 43 44 Regions Visited 2 Branch Regions 1 Pre-discovered Areas . | . . . Known Exits Taken . | . . . Unknown Exits Taken 2 | 1 1 . Scrap Searched 1 | . . 1 Spaces Dug . | . . . Terrain Destroyed 5 | . . 5 Melee . | . . . Projectile . | . . . AOE 5 | . . 5 Actions | -11 -10 -10 --------- Run | Scr Mat Min Total 743 | 90 357 296 Wait 2 | 1 . 1 Move 657 | 74 323 260 Hop . | . . . Pick Up 10 | 4 5 1 Fast Attach 8 | 7 1 . Attach 9 | 1 . 8 Detach 2 | 2 . . Swap 9 | 1 5 3 Drop 4 | . 3 1 Fire 39 | . 19 20 Melee . | . . . Ram . | . . . Kick 3 | . 1 2 Crush . | . . . Escape Stasis . | . . . Rewire . | . . . Trap . | . . . Miscellaneous . | . . . Route ------- -11/Scrapyard -10/Materials (discovered 2 exits: [*Mat] / [*Min]) -10/Mines History --------- Turn | Location | Event 7 | -11/Scrapyard | Discovered new exit (range 16) 107 | -11/Scrapyard | Entered Materials 328 | -10/Materials | Build established: Mutant 342 | -10/Materials | Discovered new exit (range 16) 471 | -10/Materials | Discovered new exit (range 10) 638 | -10/Materials | Entered Mines 948 | -10/Mines | Build established: Scavenger-Mutant 1006 | -10/Mines | Assembled infested the area 1008 | -10/Mines | Learned Materials stockpile data 1011 | -10/Mines | Assisted by a Guerilla fighting off Assembled 1076 | -10/Mines | Core integrity fell below 50% 1083 | -10/Mines | Core integrity fell below 20% 1093 | -10/Mines | Crushed by falling debris 1093 | -10/Mines | Smashed by cave-in Last Messages --------------- 01076_ as-66146 destroyed. 01076_ as-00269 destroyed. 01076_ Lgt. Armor Plating destroyed. 01076_ Lgt. Assault Rifle destroyed. 01076_ as-63928 destroyed. 01082_ U-05 Engineer builds a Wall. 01082_ Grenade Launcher destroyed. 01083_ The unstable cave ceiling collapses. 01084_ D-53 Grenadier destroyed. 01085_ The unstable cave ceiling collapses. 01085_ K-01 Serf collects debris. 01087_ The unstable cave ceiling collapses. 01088_ Lgt. Ion Engine destroyed. 01089_ The unstable cave ceiling collapses. 01090_ K-01 Serf destroyed. 01091_ The unstable cave ceiling collapses. 01093_ Crushed by falling debris. [Achievement: Unlikely Earthworm] 01093_ Aluminum Leg destroyed. 01093_ System corrupted by crushing effect (+2). Map ----- +----------------------------------------------------+ | ???????????????# ## #### | | ???????????????# ## #?# ###??## | | ???????????????# ## ### ##?????# | | ???????????????# ## #??????# | | ???????????????#### ## #### ##??????# | | ??????????????????# ####### #??####???????### | | ???????????######## #?????## ##???????????????? | | ???????????# ## #??????## ######???????????? | | ???????????# ## #???????# #???????????? | | ???????????# """ #???????# #### #???????????? | | ???????????# """ #???????# #????????????????? | | ???????????# """ #####???????# #????#????? #???? | | ???????????# #???????????# #### ## #???? | | ???????????# #???????????# #????? | | ???????????#######???????????# #?????? | | ?????????????????????????????### ####### #?????? | | ????????????????????????######?# #???????????????? | | ??????????????????????### ### #???????????????? | | ?????????????????????## ## #???????????????? | | ?????????????????????# # #???????????????? | | ?????????????????????# # ##=#???????????????? | | ????????????????????## #???????????????? | | ????????????????????# ##??????????????? | | ????????????????????## dr % #??????????????? | | ?????????????????????# =% #??????????????? | | ?????????????????????# @ #??????????????? | | ?????????????????????## a #??????????????? | | ??????????????????????#### #????????????? | | ????????????????????????? # #???????????? | | ????????????????????????#######< #???????????? | | ??????????????????????????????? ##???????????? | | ???????????????????????????????? ##????????????? | | ????????????????????????????????? #?????????????? | | ????????????????????????????????? #?????????????? | | ?????????????????????????????????? #?????????????? | | ?????????????????????????????????????????????????? | | ?????????????????????????????????????????????????? | | ?????????????????????????????????????????????????? | | ?????????????????????????????????????????????????? | | ?????????????????????????????????????????????????? | | ?????????????????????????????????????????????????? | | ?????????????????????????????????????????????????? | | ?????????????????????????????????????????????????? | | ?????????????????????????????????????????????????? | | ?????????????????????????????????????????????????? | | ?????????????????????????????????????????????????? | | ?????????????????????????????????????????????????? | | ?????????????????????????????????????????????????? | | ?????????????????????????????????????????????????? | | ?????????????????????????????????????????????????? | +----------------------------------------------------+ Best States ------------- Heat Dissipation 25 Energy Generation 10 Energy Capacity 250 Matter Stores 300 Matter Capacity 300 Sight Range 16 Terrain Scan Density 10 Armor Coverage 150 Evasion (%) 40 Recoil Reduction 1 Item Schematics ----------------- None Robot Schematics ------------------ None Fabricated ------------ Nothing Alien Tech Used ----------------- None Achievements -------------- Unlikely Earthworm Challenges ------------ None Game ------ Seed ImpactBarrageArray Manual? 0 Play Time 00:16:32 Cumulative 0.7 hours Start 2020.05.23 @ 15:26:04 End 2020.05.23 @ 15:39:59 Sessions 1 Manual Loads 0 Difficulty Rogue Special Mode None Game No. 5 Rogue 5 Adventurer 0 Explorer 0 Win Type - Total 0 Types 0/0/0/0/0/0/0 Lore% 1 Gallery% 2 Achievement% 2 Wizard Run 0 Options --------- ASCII 1 Keyboard 1 Movement Vi Keybinds 0 Fullscreen 2 Font 12/Terminus Map View 76x50 Tactical HUD 1 Map Filters NONE Filters NONE Steam 1 RUN: 3939902c-9fed-41d8-a6e6-9601de73acbd